General information
- name: BNet
- type: Ladder team game (AT/RT)
- host: Battle.net
- saver: VargVikernes
map: MarketSquare
- players: 8
- length: 30:12
- speed: Fast
- version: 1.26 W3XP
- replay type: Public
» download(184 KB)
Players
team 1 (loser)

»
IGSTT (
green | 67 APM | 1129 actions | 16:57)
5 Archmage
3 Summon Water Elemental
2 Brilliance Aura
3 Blood Mage
1 Banish
2 Flame Strike
2 Paladin
1 Holy Light
1 Divine Shield
» actions
| Assign group hotkey | 16 | |
| Basic commands | 31 | |
| Build / train | 93 | |
| ESC pressed | 14 | |
| Enter build submenu | 35 | |
| Enter hero's abilities submenu | 10 | |
| Give item / drop item | 5 | |
| Right click | 400 | |
| Select / deselect | 348 | |
| Select group hotkey | 42 | |
| Use ability | 135 | |
1129 total
» units
| Peasant | 31 | |
| Footman | 6 | |
| Sorceress | 5 | |
42 total
» upgrades
| Defend | 1 | |
| Masonry | 3 | |
| Lumber Harvesting | 2 | |
| Sorceress Training | 2 | |
| Priest Training | 2 | |
| Control Magic | 1 | |
| Magic Sentry | 1 | |
12 total
» buildings
| Farm | 14 | |
| Barracks | 1 | |
| Altar of Kings | 1 | |
| Arcane Vault | 1 | |
| Keep | 1 | |
| Lumber Mill | 2 | |
| Town Hall | 1 | |
| Blacksmith | 1 | |
| Castle | 2 | |
| Scout Tower | 12 | |
| Arcane Tower | 3 | |
| Guard Tower | 4 | |
| Arcane Sanctum | 4 | |
47 total
» build order
00:24 Farm
00:33 Barracks
00:38 Altar of Kings
00:58 Farm
01:38 Farm
01:40 Farm
01:57 Farm
02:54 Arcane Vault
03:52 Keep
04:23 Lumber Mill
05:01 Town Hall
05:48 Farm
05:49 Blacksmith
06:46 Castle
07:01 Scout Tower
07:01 Scout Tower
07:27 Scout Tower
07:44 Scout Tower
07:45 Scout Tower
07:46 Scout Tower
07:50 Arcane Tower
08:28 Guard Tower
08:43 Guard Tower
08:43 Guard Tower
08:56 Arcane Sanctum
09:13 Arcane Tower
09:20 Lumber Mill
09:22 Scout Tower
09:22 Scout Tower
09:49 Castle
10:11 Arcane Sanctum
10:40 Arcane Sanctum
11:18 Arcane Sanctum
11:30 Guard Tower
11:31 Arcane Tower
11:56 Farm
11:57 Farm
11:58 Farm
12:05 Farm
12:06 Farm
12:07 Farm
12:07 Farm
12:08 Farm
13:37 Scout Tower
13:41 Scout Tower
13:43 Scout Tower
13:46 Scout Tower
» items
| Scroll of Regeneration | 1 | |
| Scroll of Town Portal | 1 | |
| Orb of Fire | 1 | |
| Potion of Healing | 1 | |
| Boots of Speed | 1 | |
5 total
Siddhartha (
teal | 49 APM | 1466 actions | 30:12)
10 Demon Hunter
3 Evasion
3 Mana Burn
1 Metamorphosis
3 Immolation
» actions
| Assign group hotkey | 29 | |
| Basic commands | 25 | |
| Build / train | 75 | |
| Enter build submenu | 29 | |
| Enter hero's abilities submenu | 10 | |
| Give item / drop item | 4 | |
| Remove unit from queue | 4 | |
| Right click | 692 | |
| Select / deselect | 299 | |
| Select group hotkey | 235 | |
| Use ability | 64 | |
1466 total
» units
| Wisp | 26 | |
| Archer | 4 | |
| Huntress | 3 | |
| Chimaera | 4 | |
| Hippogryph | 4 | |
41 total
» upgrades
| Strength of the Wild | 3 | |
| Reinforced Hides | 3 | |
| Well Spring | 1 | |
| Corrosive Breath | 1 | |
| Ultravision | 1 | |
| Nature's Blessing | 1 | |
10 total
» buildings
| Altar of Elders | 1 | |
| Moon Well | 12 | |
| Ancient of War | 3 | |
| Hunter's Hall | 1 | |
| Tree of Life | 1 | |
| Ancient Protector | 6 | |
| Tree of Ages | 1 | |
| Tree of Eternity | 1 | |
| Ancient of Wind | 4 | |
| Ancient of Wonders | 1 | |
| Chimaera Roost | 4 | |
35 total
» build order
00:19 Altar of Elders
00:28 Moon Well
00:33 Moon Well
01:11 Ancient of War
01:20 Ancient of War
01:44 Moon Well
01:52 Moon Well
02:21 Ancient of War
02:52 Hunter's Hall
05:09 Tree of Life
05:22 Moon Well
05:59 Ancient Protector
06:00 Ancient Protector
06:25 Tree of Ages
09:25 Tree of Eternity
09:36 Ancient of Wind
09:43 Ancient of Wonders
11:47 Chimaera Roost
11:48 Chimaera Roost
11:48 Chimaera Roost
11:51 Chimaera Roost
13:49 Ancient Protector
13:49 Ancient Protector
13:50 Ancient Protector
13:51 Ancient Protector
15:44 Moon Well
15:45 Moon Well
15:48 Moon Well
15:49 Moon Well
15:50 Moon Well
15:51 Moon Well
15:52 Moon Well
18:21 Ancient of Wind
18:24 Ancient of Wind
18:26 Ancient of Wind
» items
| Scroll of Town Portal | 2 | |
| Periapt of Vitality | 3 | |
| Scroll of Healing | 2 | |
7 total
WENDY-THE-POOH (
yellow | 68 APM | 2043 actions | 30:12)
6 Paladin
3 Holy Light
2 Divine Shield
1 Resurrection
» actions
| Assign group hotkey | 48 | |
| Basic commands | 15 | |
| Build / train | 116 | |
| Enter build submenu | 28 | |
| Enter hero's abilities submenu | 6 | |
| Give item / drop item | 4 | |
| Remove unit from queue | 1 | |
| Right click | 678 | |
| Select / deselect | 291 | |
| Select group hotkey | 754 | |
| Use ability | 102 | |
2043 total
» units
| Peasant | 16 | |
| Footman | 4 | |
| Mortar Team | 6 | |
| Sorceress | 3 | |
| Flying Machine | 40 | |
69 total
» upgrades
| Masonry | 3 | |
| Lumber Harvesting | 2 | |
| Gunpowder | 2 | |
| Sorceress Training | 2 | |
| Flare | 1 | |
| Magic Sentry | 1 | |
| Flying Machine Bombs | 1 | |
| Flak Cannons | 1 | |
| Plating | 2 | |
15 total
» buildings
| Altar of Kings | 1 | |
| Farm | 11 | |
| Barracks | 1 | |
| Lumber Mill | 4 | |
| Scout Tower | 21 | |
| Town Hall | 1 | |
| Arcane Vault | 1 | |
| Arcane Tower | 1 | |
| Guard Tower | 10 | |
| Keep | 1 | |
| Blacksmith | 1 | |
| Workshop | 3 | |
| Arcane Sanctum | 1 | |
| Castle | 1 | |
58 total
» build order
00:07 Altar of Kings
00:21 Farm
00:37 Barracks
00:51 Farm
01:48 Farm
01:58 Lumber Mill
02:18 Scout Tower
02:51 Farm
03:58 Lumber Mill
04:00 Lumber Mill
04:07 Town Hall
04:11 Lumber Mill
04:14 Scout Tower
04:14 Scout Tower
04:31 Arcane Vault
04:34 Arcane Tower
05:09 Guard Tower
05:37 Scout Tower
05:37 Scout Tower
05:57 Keep
06:09 Scout Tower
06:10 Scout Tower
06:10 Scout Tower
06:11 Scout Tower
06:12 Scout Tower
06:42 Guard Tower
06:46 Scout Tower
06:46 Scout Tower
06:47 Scout Tower
06:48 Scout Tower
06:48 Scout Tower
07:24 Guard Tower
07:27 Guard Tower
08:04 Guard Tower
08:15 Blacksmith
08:53 Workshop
09:05 Workshop
09:27 Workshop
10:26 Arcane Sanctum
11:28 Farm
12:05 Farm
12:06 Farm
12:38 Scout Tower
12:38 Scout Tower
13:12 Guard Tower
13:19 Castle
14:57 Scout Tower
14:57 Scout Tower
14:58 Scout Tower
14:58 Scout Tower
16:11 Guard Tower
17:00 Guard Tower
17:42 Farm
17:43 Farm
17:43 Farm
17:44 Farm
» items
| Scroll of Regeneration | 3 | |
| Staff of Teleportation | 1 | |
| Boots of Speed | 1 | |
| Potion of Mana | 2 | |
| Scroll of Town Portal | 3 | |
10 total

»
ASIANdom1nat1on (
pink | 36 APM | 565 actions | 15:50)
2 Archmage
1 Summon Water Elemental
1 Blizzard
1 Mountain King
1 Storm Bolt
» actions
| Assign group hotkey | 1 | |
| Build / train | 45 | |
| Enter build submenu | 21 | |
| Enter hero's abilities submenu | 3 | |
| Remove unit from queue | 8 | |
| Right click | 246 | |
| Select / deselect | 203 | |
| Select group hotkey | 4 | |
| Use ability | 34 | |
565 total
» units
| Peasant | 14 | |
| Footman | -1 | |
| Rifleman | 11 | |
| Knight | 4 | |
28 total
» buildings
| Altar of Kings | 1 | |
| Farm | 5 | |
| Barracks | 1 | |
| Blacksmith | 1 | |
| Lumber Mill | 1 | |
| Scout Tower | 2 | |
| Arcane Tower | 1 | |
| Keep | 1 | |
| Guard Tower | 1 | |
| Workshop | 1 | |
| Castle | 1 | |
| Arcane Vault | 2 | |
18 total
» build order
00:13 Altar of Kings
00:43 Farm
01:18 Barracks
02:14 Blacksmith
02:22 Lumber Mill
02:41 Farm
03:37 Farm
04:44 Scout Tower
04:49 Farm
05:31 Arcane Tower
06:22 Keep
06:29 Farm
07:21 Scout Tower
07:55 Guard Tower
08:44 Workshop
09:49 Castle
10:14 Arcane Vault
14:16 Arcane Vault
team 2 (winner)

»
walmartpimp (
orange | 70 APM | 1792 actions | 25:25)
7 Priestess of the Moon
3 Trueshot Aura
3 Searing Arrows
1 Starfall
» actions
| Assign group hotkey | 54 | |
| Basic commands | 25 | |
| Build / train | 75 | |
| ESC pressed | 3 | |
| Enter build submenu | 26 | |
| Enter hero's abilities submenu | 7 | |
| Give item / drop item | 2 | |
| Right click | 483 | |
| Select / deselect | 238 | |
| Select group hotkey | 837 | |
| Use ability | 42 | |
1792 total
» units
| Wisp | 24 | |
| Archer | 7 | |
| Chimaera | 8 | |
| Hippogryph | 9 | |
48 total
» upgrades
| Strength of the Wild | 3 | |
| Reinforced Hides | 3 | |
| Corrosive Breath | 1 | |
| Well Spring | 1 | |
| Ultravision | 1 | |
| Strength of the Moon | 1 | |
| Moon Armor | 1 | |
11 total
» buildings
| Moon Well | 8 | |
| Altar of Elders | 1 | |
| Ancient of War | 2 | |
| Tree of Ages | 4 | |
| Tree of Life | 1 | |
| Tree of Eternity | 1 | |
| Hunter's Hall | 2 | |
| Ancient of Wind | 4 | |
| Chimaera Roost | 3 | |
| Ancient of Wonders | 1 | |
27 total
» build order
00:22 Moon Well
00:38 Altar of Elders
01:19 Moon Well
01:37 Ancient of War
02:01 Moon Well
02:28 Ancient of War
02:44 Moon Well
04:21 Tree of Ages
04:22 Tree of Ages
04:22 Tree of Ages
04:22 Tree of Ages
05:19 Moon Well
06:19 Tree of Life
06:46 Tree of Eternity
07:11 Hunter's Hall
07:19 Ancient of Wind
07:26 Moon Well
09:34 Hunter's Hall
10:00 Chimaera Roost
10:06 Chimaera Roost
12:48 Chimaera Roost
12:54 Moon Well
15:20 Ancient of Wonders
16:33 Moon Well
20:06 Ancient of Wind
20:13 Ancient of Wind
20:16 Ancient of Wind
» items
| Boots of Speed | 1 | |
| Potion of Lesser Invulnerability | 1 | |
| Scroll of Town Portal | 1 | |
3 total
vinamilk (
blue | 26 APM | 781 actions | 30:12)
4 Blademaster
1 Wind Walk
2 Critical Strike
1 Mirror Image
1 Tauren Chieftain
1 War Stomp
» actions
| Assign group hotkey | 6 | |
| Basic commands | 7 | |
| Build / train | 47 | |
| Enter build submenu | 18 | |
| Enter hero's abilities submenu | 6 | |
| Right click | 284 | |
| Select / deselect | 200 | |
| Select group hotkey | 145 | |
| Use ability | 66 | |
781 total
» units
» upgrades
| Melee Weapons | 2 | |
| Shaman Training | 2 | |
| Pulverize | 1 | |
| Armor | 1 | |
6 total
» buildings
| Orc Burrow | 10 | |
| Altar of Storms | 1 | |
| Voodoo Lounge | 1 | |
| Stronghold | 1 | |
| War Mill | 1 | |
| Watch Tower | 2 | |
| Fortress | 1 | |
| Spirit Lodge | 2 | |
| Tauren Totem | 3 | |
| Great Hall | 1 | |
23 total
» build order
00:21 Orc Burrow
00:39 Altar of Storms
01:15 Orc Burrow
01:45 Voodoo Lounge
03:06 Stronghold
03:10 War Mill
03:30 Orc Burrow
04:25 Watch Tower
04:28 Watch Tower
05:33 Fortress
05:39 Spirit Lodge
06:07 Spirit Lodge
06:36 Orc Burrow
06:39 Orc Burrow
06:40 Orc Burrow
06:45 Orc Burrow
08:43 Tauren Totem
08:44 Tauren Totem
08:47 Tauren Totem
10:25 Orc Burrow
10:25 Orc Burrow
10:28 Orc Burrow
20:07 Great Hall
» items
| Healing Salve | 3 | |
| Lesser Clarity Potion | 2 | |
| Scroll of Town Portal | 2 | |
| Staff of Teleportation | 1 | |
8 total
VargVikernes (
red | 74 APM | 2245 actions | 30:12)
6 Blood Mage
3 Flame Strike
2 Siphon Mana
1 Summon Phoenix
» actions
| Assign group hotkey | 96 | |
| Basic commands | 178 | |
| Build / train | 155 | |
| ESC pressed | 8 | |
| Enter build submenu | 41 | |
| Enter hero's abilities submenu | 7 | |
| Give item / drop item | 9 | |
| Right click | 695 | |
| Select / deselect | 292 | |
| Select group hotkey | 571 | |
| Use ability | 193 | |
2245 total
» units
| Peasant | 20 | |
| Footman | 6 | |
| Dragonhawk Rider | 1 | |
| Sorceress | 1 | |
| Gryphon Rider | 6 | |
34 total
» upgrades
| Masonry | 3 | |
| Lumber Harvesting | 2 | |
| Sorceress Training | 2 | |
| Magic Sentry | 1 | |
| Swords | 3 | |
| Storm Hammers | 1 | |
| Cloud | 1 | |
| Animal War Training | 1 | |
| Armor | 3 | |
| Defend | 1 | |
| Long Rifles | 1 | |
19 total
» buildings
| Altar of Kings | 1 | |
| Barracks | 1 | |
| Farm | 8 | |
| Lumber Mill | 2 | |
| Arcane Vault | 1 | |
| Town Hall | 2 | |
| Scout Tower | 24 | |
| Guard Tower | 46 | |
| Keep | 3 | |
| Gryphon Aviary | 4 | |
| Arcane Sanctum | 1 | |
| Castle | 6 | |
| Blacksmith | 1 | |
100 total
» build order
00:57 Altar of Kings
01:00 Barracks
01:04 Farm
01:06 Farm
01:30 Farm
02:11 Farm
02:31 Lumber Mill
02:43 Lumber Mill
02:48 Arcane Vault
04:26 Town Hall
05:33 Scout Tower
05:35 Scout Tower
05:36 Scout Tower
06:12 Guard Tower
06:12 Guard Tower
06:13 Guard Tower
06:13 Guard Tower
06:16 Scout Tower
06:17 Scout Tower
06:23 Keep
06:23 Keep
06:58 Guard Tower
06:59 Guard Tower
08:41 Town Hall
08:44 Scout Tower
08:45 Scout Tower
08:47 Scout Tower
08:48 Scout Tower
08:51 Scout Tower
08:52 Scout Tower
08:53 Scout Tower
08:55 Scout Tower
08:56 Scout Tower
09:16 Guard Tower
09:16 Guard Tower
09:17 Guard Tower
09:17 Guard Tower
09:40 Scout Tower
09:43 Scout Tower
09:49 Guard Tower
09:50 Guard Tower
09:50 Guard Tower
10:04 Gryphon Aviary
10:09 Gryphon Aviary
10:11 Gryphon Aviary
10:12 Gryphon Aviary
11:16 Arcane Sanctum
12:10 Castle
12:10 Castle
12:10 Castle
12:16 Blacksmith
12:32 Scout Tower
12:33 Scout Tower
12:34 Scout Tower
12:35 Scout Tower
13:08 Guard Tower
13:09 Guard Tower
13:09 Guard Tower
13:09 Guard Tower
13:09 Guard Tower
13:51 Guard Tower
13:51 Guard Tower
13:52 Guard Tower
18:11 Guard Tower
18:12 Guard Tower
18:12 Guard Tower
18:12 Guard Tower
22:11 Farm
22:13 Farm
22:20 Farm
22:24 Farm
22:42 Scout Tower
22:43 Scout Tower
22:45 Scout Tower
22:45 Scout Tower
24:28 Guard Tower
24:54 Guard Tower
24:54 Guard Tower
25:23 Guard Tower
25:23 Guard Tower
25:23 Guard Tower
» items
| Scroll of Regeneration | 5 | |
| Mechanical Critter | 2 | |
| Potion of Invisibility | 3 | |
| Staff of Teleportation | 1 | |
| Boots of Speed | 1 | |
| Lesser Clarity Potion | 3 | |
15 total

»
hackysacky (
purple | 66 APM | 1486 actions | 22:29)
7 Warden
2 Fan of Knives
3 Shadow Strike
1 Blink
1 Spirit of Vengeance
» actions
| Assign group hotkey | 18 | |
| Build / train | 62 | |
| Enter build submenu | 17 | |
| Enter hero's abilities submenu | 7 | |
| Give item / drop item | 1 | |
| Right click | 793 | |
| Select / deselect | 292 | |
| Select group hotkey | 180 | |
| Use ability | 116 | |
1486 total
» units
| Wisp | 21 | |
| Huntress | 6 | |
| Hippogryph | 6 | |
| Chimaera | 9 | |
42 total
» upgrades
| Strength of the Wild | 3 | |
| Reinforced Hides | 1 | |
| Corrosive Breath | 1 | |
5 total
» buildings
| Moon Well | 8 | |
| Altar of Elders | 1 | |
| Hunter's Hall | 1 | |
| Ancient of War | 1 | |
| Ancient of Wonders | 1 | |
| Tree of Ages | 1 | |
| Tree of Eternity | 1 | |
| Ancient of Wind | 1 | |
| Tree of Life | 1 | |
| Chimaera Roost | 3 | |
| Ancient Protector | 2 | |
21 total
» build order
00:18 Moon Well
00:20 Altar of Elders
01:33 Hunter's Hall
01:47 Moon Well
02:04 Ancient of War
02:35 Moon Well
03:24 Ancient of Wonders
03:48 Tree of Ages
04:07 Moon Well
05:02 Moon Well
06:17 Tree of Eternity
06:19 Ancient of Wind
06:42 Tree of Life
08:50 Chimaera Roost
08:51 Chimaera Roost
10:38 Ancient Protector
10:39 Ancient Protector
12:36 Chimaera Roost
14:22 Moon Well
15:01 Moon Well
16:17 Moon Well
» items
| Scroll of Town Portal | 2 | |
| Orb of Venom | 2 | |
| Scroll of Healing | 1 | |
5 total
Chat log
(00:09 / All) vinamilk: yellow quit please
(00:21 / All) IGSTT: now that just mena
(00:29 / All) WENDY-THE-POOH: FAVORITE porn star?
(00:53 / All) walmartpimp: phoenix marie
(00:56 / All) Siddhartha: Laura Love, Hika
(01:01 / All) ASIANdom1nat1on: asa akira
(01:02 / All) Siddhartha: Marry Queen
(01:27 / All) vinamilk: akira is an ugly bitch
(02:11 / All) WENDY-THE-POOH: 300 food mountin giants!!!
(02:19 / All) VargVikernes: That was a good game
(02:22 / All) walmartpimp: LOL
(03:20 / All) WENDY-THE-POOH: FOR ROME
(03:26 / All) VargVikernes: damn I'm alggy as shit shouldn't run 1248912948412890 other programs alongside wc3
(03:31 / All) WENDY-THE-POOH: DIE
(03:37 / All) WENDY-THE-POOH: cl
(09:51 / Allies) vinamilk: upgrade and dget unit fag
(09:59 / Allies) VargVikernes: Not with that language
(10:06 / Allies) VargVikernes: say please
(10:08 / Allies) vinamilk: no care fag
(11:03 / All) ASIANdom1nat1on: prick
(11:32 / Allies) hackysacky: gold please red
(11:43 / Allies) hackysacky: thanks
(11:45 / Allies) VargVikernes: np
(12:16 / Allies) vinamilk: i will kill him
(12:18 / Allies) vinamilk: idiot
(12:24 / All) Siddhartha: Pink's being sexual harassed
(12:26 / All) VargVikernes: Blue says he will tk me
(12:30 / Allies) vinamilk: get in here for nothing
(13:05 / All) vinamilk: lol he mass tower
(13:13 / All) VargVikernes: of course I do if your dumbass says you will tk me
(13:23 / All) vinamilk: him is "you'?
(13:35 / All) vinamilk: don't know engish fag ?
(13:42 / All) VargVikernes: No but I'm fluent in English
(15:15 / Allies) hackysacky: coming blue
(15:58 / All) Siddhartha: lol how you get invis harassed with mh?
(16:01 / All) WENDY-THE-POOH: god damn
(16:23 / All) Siddhartha: sad really because pink would have gave great chat again
(16:25 / All) Siddhartha: after being tked
(16:56 / All) IGSTT: gg noob team
(16:57 / All) vinamilk: we have red shithead here
(18:47 / All) VargVikernes: I didn't even get to kill blue myself
(18:52 / All) VargVikernes: He's already dead
(19:02 / All) Siddhartha: I wanted to tk pink
(19:58 / All) vinamilk: i gotta do something
(20:02 / All) VargVikernes: Blue gave me control wtf
(20:10 / All) vinamilk: i gave it
(20:17 / All) VargVikernes: Yeah I said that
(20:34 / All) VargVikernes: Good work blue
(20:36 / All) VargVikernes: That made it easy
(21:16 / Allies) hackysacky: we're going to lose this
(21:17 / Allies) hackysacky: lol
(22:22 / All) hackysacky: gg lol
(24:08 / All) Siddhartha: chimbots never get enough hippos
(24:11 / All) VargVikernes: The pimp has been made our ho yet again
(24:22 / All) walmartpimp: respect for 300
(24:28 / All) VargVikernes: Ty
(24:31 / All) VargVikernes: it was some of our best work
(24:35 / All) WENDY-THE-POOH: lol
(24:36 / All) walmartpimp: i shouldhave went MG
(24:45 / All) VargVikernes: We should do a game like that again someday
(24:48 / All) VargVikernes: all go Ne and mass giants
(24:57 / All) Siddhartha: already produced am asterpiece
(25:24 / All) walmartpimp: later
(25:26 / All) Siddhartha: my DH can take a lot of focus
(26:02 / All) VargVikernes: If only blue didn't make us have to do this the long way
(26:19 / All) WENDY-THE-POOH: 8======D
(26:37 / All) WENDY-THE-POOH: oh blue is here
(27:01 / All) Siddhartha: Asian should get loss if blue leaves
(27:11 / All) WENDY-THE-POOH: pink was really hacking?
(27:25 / All) Siddhartha: yes
(28:08 / All) WENDY-THE-POOH: blue may post on wcr
(28:23 / All) VargVikernes: He's a poster there?
(28:32 / All) WENDY-THE-POOH: i recall seeying a name like that
(28:44 / All) Siddhartha: people my items on dh
(28:50 / All) WENDY-THE-POOH: pro
(28:56 / All) VargVikernes: Damn
(29:01 / All) VargVikernes: 3 periapts, crown of kings, +5 ring
(29:05 / All) VargVikernes: that is a tank
(29:06 / All) WENDY-THE-POOH: i graciously gave him the crowns of king
(29:14 / All) VargVikernes: It would be embarrassing to ever lose that hero, let alone in demon form
(29:16 / All) Siddhartha: yeah jake ninja'd it
(29:24 / All) WENDY-THE-POOH: or i kept it from green...
(29:24 / All) Siddhartha: they kept focusing it
(29:39 / All) Siddhartha: true ninja'd it and put it immediately on my dude
(29:55 / All) WENDY-THE-POOH: i saw the wrongdoings of my ways